Cogmind - Beta 14 @@@ ROGUE MODE // 2024.10.09 @ 06:15:43 Player: Gabe+Kate4EVR Result: Destroyed by G-34 Mercenary with Small Laser Performance ------------- Evolutions (1) 500 Regions Visited (3) 600 Robots Destroyed (37) 185 Value Destroyed (793) 793 Prototype IDs (3) 60 Alien Tech Used (0) 0 Bonus (0) 0 TOTAL SCORE: 2138 Bonus ------- None Cogmind --------- Core Integrity 0/400 Matter 246/300 Energy 250/250 System Corruption 0% Temperature Cool (6) Movement Walking (120) Location -9/Materials Parts ------- > --- POWER (1) -------- Ion Engine > --- PROPULSION (2) --- Aluminum Leg Aluminum Leg > --- UTILITY (4) ------ Heat Sink Improved Heat Sink Small Storage Unit Hacking Suite > --- WEAPON (2) ------- Beamcaster Plasma Cutter > --- INVENTORY (8) ---- Light Treads Aluminum Leg Flight Unit Improved Heat Sink High-capacity Matter Pod (200) Peak State ------------ > --- POWER ------------ Nuclear Core > --- PROPULSION ------- Aluminum Leg Carbon-fiber Leg > --- UTILITY ---------- Improved Heat Sink Small Storage Unit Sensor Array Hacking Suite > --- WEAPON ----------- Improved Medium Laser Beamcaster > --- INVENTORY -------- Ion Engine Flight Unit Flight Unit Improved Heat Sink High-capacity Matter Pod Assault Rifle Light Cannon Grenade Launcher [Rating: 24] Favorites ----------- Power Ion Engine Engine Ion Engine Power Core Nuclear Core Propulsion Aluminum Leg Treads Light Treads Leg Aluminum Leg Wheel Wheel Utility Small Storage Unit Device Sensor Array Storage Small Storage Unit Hackware Hacking Suite Weapon Assault Rifle Energy Gun Particle Gun Ballistic Gun Assault Rifle Ballistic Cannon Light Cannon Launcher Grenade Launcher Special Weapon Plasma Cutter Build | -11 -10 -10 -9 ------- Run | Yrd Mat Min Mat Slots Evolved 2 | . . . 2 Power . | . . . . Propulsion . | . . . . Utility 2 | . . . 2 Weapon . | . . . . Parts Attached 43 | 8 1 7 27 Power 5 | 1 . 3 1 Engine 2 | 1 . . 1 Core 3 | . . 3 . Reactor . | . . . . Propulsion 13 | 4 . 2 7 Treads 1 | . . . 1 Leg 10 | 2 . 2 6 Wheel 2 | 2 . . . Hover . | . . . . Flight . | . . . . Utility 10 | 1 1 . 8 Device 8 | . . . 8 Storage 1 | 1 . . . Processor . | . . . . Hackware 1 | . 1 . . Protection . | . . . . Artifact . | . . . . Weapon 15 | 2 . 2 11 Energy Gun 8 | . . 1 7 Energy Cannon . | . . . . Ballistic Gun 4 | 2 . 1 1 Ballistic Cannon 1 | . . . 1 Launcher 1 | . . . 1 Special Weapon 1 | . . . 1 Impact Weapon . | . . . . Slashing Weapon . | . . . . Piercing Weapon . | . . . . Special Melee Weapon . | . . . . Unidentified Prototypes 1 | . . . 1 Parts Lost 10 | . . . 10 Power 1 | . . . 1 Propulsion 3 | . . . 3 Utility 3 | . . . 3 Weapon 3 | . . . 3 Highest Loss Streak 5 | . . . 5 To Critical Strikes . | . . . . Average Slot Usage (%) 94 | . 90 100 89 Engine 6 | . 14 8 2 Core 5 | . . 5 6 Leg 24 | . 28 28 18 Device 7 | . . . 18 Storage 12 | . 14 14 11 Hackware 11 | . 5 14 11 Energy Gun 6 | . . 2 12 Ballistic Gun 17 | . 28 25 5 Peak Build Rating 24 | 6 9 15 24 Average Rating 12 | 4 7 12 16 On Entrance 7 | . 6 9 15 Naked Turns . | . . . . Heaviest Build 22 | 14 14 19 22 Greatest Support 25 | 16 10 20 25 Greatest Overweight (x) 6 | 1 1 1 6 Average Overweight (x) . | . 1 . . Largest Inventory Capacity 8 | 8 8 8 8 Average Capacity 7 | 6 8 8 8 Most Carried 8 | 2 8 8 8 Average Carried 6 | 1 5 7 6 Final Capacity 8 | 8 8 8 8 Final Carried 8 | 2 8 8 5 Class Distribution -------------------- 59% | Mutant 40% | Scavenger-Mutant Dominant Class ---------------- Mutant | -10/Materials Mutant | -10/Mines Scavenger-Mutant | -9/Materials Resources | -11 -10 -10 -9 ----------- Run | Yrd Mat Min Mat Matter Collected 1106 | 243 164 351 348 Remotely 73 | . . . 73 Salvage Created 1120 | . 179 315 626 Parts 89 | . 19 14 56 Haulers Intercepted 1 | . . . 1 Recyclers Shooed 1 | . . . 1 Parts Field Recycled . | . . . . Retrieved Matter . | . . . . Parts Self-Destructed . | . . . . Prevented . | . . . . Kills | -11 -10 -10 -9 ------- Run | Yrd Mat Min Mat Combat Hostiles Destroyed 28 | . 6 4 18 Guns 23 | . 6 4 13 Cannons 5 | . . . 5 Classes Destroyed 8 | . 4 1 3 Worker 1 | . . . 1 Hauler 1 | . . . 1 Recycler 4 | . 1 2 1 Operator 1 | . 1 . . Watcher 2 | . 1 . 1 Swarmer 14 | . 6 . 8 Grunt 11 | . . 4 7 Sentry 3 | . . . 3 Best Kill Streak 6 | . 4 3 6 Combat Bots Only 5 | . 3 2 5 Max Kills in Single Turn 2 | . 1 1 2 Gunslinging . | . . . . Exploded . | . . . . Melee . | . . . . Uniques/NPCs Destroyed . | . . . . Combat | -11 -10 -10 -9 -------- Run | Yrd Mat Min Mat Hostile Shots Fired 224 | . 27 27 170 Missed 64 | . 10 6 48 Damage Taken 1853 | . 143 308 1402 Core 511 | . 23 85 403 Absorbed by Shields 40 | . . . 40 Core Remaining (%) 78 | 100 . 56 . Volleys Fired 110 | . 17 17 76 Largest 2 | . 2 2 2 Hottest 131 | . 40 98 131 Shots Fired 191 | . 34 34 123 Gun 171 | . 34 34 103 Cannon 20 | . . . 20 Launcher . | . . . . Special . | . . . . Kinetic 118 | . 34 32 52 Thermal 73 | . . 2 71 Explosive . | . . . . Electromagnetic . | . . . . Robot Hit Streak 12 | . 6 7 12 Robot Miss Streak 6 | . 4 2 6 Penetration Max . | . . . . Secondary Targets 3 | . 1 1 1 Max Gunslinging Chain 1 | . 1 1 1 Shots Hit Robots 115 | . 18 20 77 Core Hits 48 | . 10 11 27 Critical Kills . | . . . . Critical Parts Destroyed . | . . . . Critical Strikes 3 | . . . 3 Burn 3 | . . . 3 Melee Attacks . | . . . . Impact . | . . . . Slashing . | . . . . Piercing . | . . . . Sneak Attacks . | . . . . Combat Hostiles . | . . . . Follow-up Attacks . | . . . . Damage Inflicted 2044 | . 203 338 1503 Guns 1741 | . 203 338 1200 Cannons 299 | . . . 299 Explosions . | . . . . Melee . | . . . . Ramming 4 | . . . 4 Kinetic 1205 | . 203 338 664 Thermal 835 | . . . 835 Explosive . | . . . . Electromagnetic . | . . . . Impact . | . . . . Slashing . | . . . . Piercing . | . . . . Highest Corruption . | . . . . Average Corruption . | . . . . Corruption Purged . | . . . . Corruption Blocked . | . . . . Overload Shots . | . . . . Overflow Damage . | . . . . Projectiles . | . . . . Explosions . | . . . . Melee . | . . . . Knockbacks 5 | . . . 5 Impact . | . . . . Kinetic 4 | . . . 4 Secondary 1 | . . . 1 Self-Inflicted Damage . | . . . . Shots . | . . . . Rammed . | . . . . Targets Rammed 2 | . . . 2 Kicked 2 | . . . 2 Crushed . | . . . . Highest Temperature 402 | . . 57 402 Average Temperature 85 | . . 27 105 Received Heat Transfer 678 | . . 171 507 Siege Activations . | . . . . Robots Corrupted . | . . . . Combat Hostiles . | . . . . Parts Fried . | . . . . Impact Corruptions . | . . . . Robots Melted . | . . . . Combat Hostiles . | . . . . Parts Melted 1 | . . . 1 Heat Transferred 1850 | . . . 1850 Parts Sabotaged . | . . . . Parts Stolen . | . . . . Parts Stripped . | . . . . Power Chain Reactions . | . . . . Alert | -11 -10 -10 -9 ------- Run | Yrd Mat Min Mat Peak Influence 217 | . 217 125 216 Initial 84 | . . 84 48 Average 90 | . 111 82 103 Maximum Alert Level 1 | . 1 . 1 Low Security (%) 93 | 100 90 100 88 Level 1 6 | . 9 . 11 Level 2 . | . . . . Level 3 . | . . . . Level 4 . | . . . . Level 5 . | . . . . High Security . | . . . . Max Security . | . . . . Squads Dispatched 2 | . . 1 1 Investigation 1 | . . 1 . Extermination . | . . . . Reinforcement 1 | . . . 1 Assault . | . . . . Garrison . | . . . . Intercept . | . . . . Searches Triggered . | . . . . Construction Impeded . | . . . . Haulers Reinforced . | . . . . Active Scanning Responses . | . . . . Cargo Convoy Interrupts . | . . . . Stealth | -11 -10 -10 -9 --------- Run | Yrd Mat Min Mat Distress Signals 4 | . 1 . 3 Communications Jammed . | . . . . Distress Signals . | . . . . Times Spotted 44 | . 11 5 28 Peak Tracking Total 7 | . 5 2 7 Tactical Retreats 1 | . . . 1 Traps | -11 -10 -10 -9 ------- Run | Yrd Mat Min Mat Traps Triggered . | . . . . Indirectly . | . . . . Trap Hack Attempts . | . . . . Triggered . | . . . . Disarmed . | . . . . Reprogrammed . | . . . . Reused . | . . . . Traps Extracted . | . . . . Installed . | . . . . Triggered . | . . . . Machines | -11 -10 -10 -9 ---------- Run | Yrd Mat Min Mat Machines Disabled 3 | . . 2 1 Max in Single Turn 1 | . . 1 1 Machines Repaired . | . . . . Machines Dismantled . | . . . . Machines Sabotaged . | . . . . Overloaded Fab Kills . | . . . . Hacking | -11 -10 -10 -9 --------- Run | Yrd Mat Min Mat Machines Accessed 5 | . 1 1 3 Terminals 4 | . 1 . 3 Fabricators . | . . . . Repair Stations . | . . . . Recycling Units . | . . . . Scanalyzers . | . . . . Garrison Access . | . . . . Total Hacks 10 | . 1 1 8 Successful 7 | . 1 1 5 Failed 3 | . . . 3 Catastrophic 2 | . . . 2 Database Lockouts . | . . . . Manual 7 | . . . 7 Terminals 9 | . 1 . 8 Fabricators . | . . . . Repair Stations . | . . . . Recycling Units . | . . . . Scanalyzers . | . . . . Garrison Access . | . . . . Terminal Hacks 7 | . 1 1 5 Prototype ID Bank 1 | . . . 1 Open Door 1 | . . 1 . Alert Level 1 | . . . 1 Unreport Threat 3 | . . . 3 Locate Traps 1 | . 1 . . Fabricator Hacks . | . . . . Repair Station Hacks . | . . . . Recycling Unit Hacks . | . . . . Scanalyzer . | . . . . Garrison Access Hacks . | . . . . Unauthorized Hacks . | . . . . Terminals . | . . . . Fabricators . | . . . . Repair Stations . | . . . . Recycling Units . | . . . . Scanalyzers . | . . . . Garrison Access . | . . . . Data Cores Recovered 1 | . 1 . . Used . | . . . . Hacking Detections 3 | . 1 . 2 Full Trace Events . | . . . . Feedback Events . | . . . . Feedback Blocked . | . . . . Robot Schematics Acquired . | . . . . Robots Built . | . . . . Authchips . | . . . . Time . | . . . . Total Robot Build Rating . | . . . . Part Schematics Acquired . | . . . . Parts Built . | . . . . Authchips . | . . . . Time . | . . . . Total Part Build Rating . | . . . . Parts Repaired . | . . . . Time . | . . . . Parts Recycled . | . . . . Recycled Matter . | . . . . Retrieved Matter . | . . . . Retrieved Components . | . . . . Parts Scanalyzed . | . . . . Part Schematics Acquired . | . . . . Parts Damaged . | . . . . Bothacking | -11 -10 -10 -9 ------------ Run | Yrd Mat Min Mat Used RIF Installer . | . . . . Robots Hacked . | . . . . Non-combat . | . . . . Combat . | . . . . Robot Hacks Applied . | . . . . Relay Couplers Released . | . . . . Fabnet Peak Effective % . | . . . . Robots Rewired . | . . . . Allies Hacked . | . . . . Hacks Repelled . | . . . . Allies | -11 -10 -10 -9 -------- Run | Yrd Mat Min Mat Total Allies . | . . . . Largest Group . | . . . . Highest-Rated Group . | . . . . Highest-Rated Ally . | . . . . Total Orders . | . . . . Ally Attacks . | . . . . Total Damage . | . . . . Kills . | . . . . Allies Corrupted . | . . . . Allies Melted . | . . . . Intel | -11 -10 -10 -9 ------- Run | Yrd Mat Min Mat Robot Analysis Total . | . . . . Derelict Logs Recovered 2 | . . 2 . Drone Launches . | . . . . Drone Recoveries . | . . . . Exploration | -11 -10 -10 -9 ------------- Run | Yrd Mat Min Mat Turns Passed 1773 | 90 261 733 689 Spaces Moved 875 | 54 107 429 285 Core 16 | 12 . . 4 Treads 7 | . . . 7 Legs 851 | 41 107 429 274 Wheels 1 | 1 . . . Hover . | . . . . Flight . | . . . . Fastest Speed 50 | 50 190 120 120 Average Speed 153 | 141 190 153 142 Slowest Speed 350 | 190 190 190 350 Overloaded Moves . | . . . . Propulsion Burnouts . | . . . . Robots Hopped . | . . . . Cave-ins Triggered . | . . . . Exploration Rate (%) 35 | 4 20 88 31 Regions Visited 3 Branch Regions 1 Pre-discovered Areas 2 | . . 2 . Known Exits Taken . | . . . . Unknown Exits Taken 3 | 1 1 1 . Scrap Searched . | . . . . Spaces Dug . | . . . . Terrain Destroyed 1 | . . 1 . Melee . | . . . . Projectile 1 | . . 1 . AOE . | . . . . Terrain Rammed . | . . . . Walls Destroyed . | . . . . Machines Disabled . | . . . . Actions | -11 -10 -10 -9 --------- Run | Yrd Mat Min Mat Total 1113 | 66 131 476 440 Wait 44 | . 1 9 34 Move 872 | 53 106 428 285 Hop . | . . . . Pick Up 15 | 2 6 4 3 Fast Attach 25 | 7 1 1 16 Attach 7 | . . . 7 Detach 3 | 1 . . 2 Swap 11 | 1 . 6 4 Drop 24 | 2 . 11 11 Fire 110 | . 17 17 76 Melee . | . . . . Ram . | . . . . Kick 2 | . . . 2 Crush . | . . . . Escape Stasis . | . . . . Rewire . | . . . . Trap . | . . . . Miscellaneous . | . . . . Route ------- -11/Scrapyard -10/Materials -10/Mines (discovered 2 exits: *Mat x2) -9/Materials (discovered 2 exits: [*Min x2]) History --------- Turn | Location | Event 3 | -11/Scrapyard | Discovered new exit (range 15) 91 | -11/Scrapyard | Entered Materials 143 | -10/Materials | Discovered new exit (range 9) 314 | -10/Materials | Build established: Mutant 352 | -10/Materials | Entered Mines 353 | -10/Mines | Learned location of Storage (-8) 419 | -10/Mines | Found a hidden stash of uninstalled traps 580 | -10/Mines | A weapon hastily lodged in a ceiling crevice suddenly fell to the ground 730 | -10/Mines | Learned location of Zion (-7) 811 | -10/Mines | Learned 2 Materials zone layouts 993 | -10/Mines | Discovered new exit (range 13) 1009 | -10/Mines | Met a Derelict shopkeep closing up shop 1058 | -10/Mines | Discovered new exit (range 14) 1085 | -10/Mines | Entered Materials 1085 | -9/Materials | Evolved 2 slots: Utility x2 1162 | -9/Materials | Discovered new exit (range 3) 1238 | -9/Materials | Build established: Scavenger-Mutant 1289 | -9/Materials | Discovered new exit (range 15) 1529 | -9/Materials | Core integrity fell below 50% 1558 | -9/Materials | Lost 5 parts (1p2n1u1w) 1578 | -9/Materials | Core integrity fell below 20% 1774 | -9/Materials | Destroyed by G-34 Mercenary with Small Laser Last Messages --------------- 01653_ Acquired 31 matter. 01654_ K-01 Serf collects debris. 01658_ Acquired Aluminum Leg. 01660_ K-01 Serf collects debris. 01666_ Acquired Aluminum Leg. 01666_ K-01 Serf collects debris. 01670_ Acquired 51 matter. 01678_ Acquired 9 matter. 01705_ Kicked A-02 Transporter. 01720_ Kicked K-01 Serf. 01732_ Connecting with Terminal... >>Alert(Check) Current Alert Level: 1-C >>Alert(Purge) Purged threat record, alert level lowered. >>Alert(Purge) Purged threat record, alert level lowered. 01739_ Connecting with Terminal... 01770_ B-36 Bruiser suffers critical hit (Burn). 01773_ B-36 Bruiser heat damages Lgt. Treads. Map ----- +----------------------------------------------------+ | | | | | | | | | | | | | | | | | | | | | | | | | | | | | | | | | | | | | | | | | ###??????????????????????????????????????????????? | | #??????????????????????????????????????????????? | | #??????????????????????????????????????????????? | | ########???????????????????????????????????????? | | ## #########################???????????????? | | #### gb @ #???###????????? | | T g #????????? | | ### ##### #????????? | | T## ######################a #???# #????????? | | ###########????????????????????? #???# #????????? | | # #??????????????????????????# #????????? | | # #??????????????????????????# #????????? | | + #??????????????????????????# #????????? | | ## #??????????????????????????# #????????? | | ?#####+#####??????????????????????????# #????????? | | ?????# ######?????????????????????????# #????????? | | ?????# # ?????????????????????????#/####?????? | | ###### # ????????????????????????? #?????? | | + ????????????????????????? "Y" #?????? | | ###### # ????????????????????????? """ #?????? | | ????##+######????????????????????????? #?????? | | ????# #??????????????????????????############ | | ????# #?????????????????????????? # """ | | ##### #?????????????????????????? # "Y" | | / #?????????????????????????? # | | #####??????????????????????????????????????# | | ???????????????????????????????????????????# | | ???????????????????????????????????????????# """" | | ???????????????????????????????????????????# """" | | ???????????????????????????????????????????# """" | +----------------------------------------------------+ Best States ------------- Heat Dissipation 52 Energy Generation 14 Energy Capacity 250 Matter Stores 300 Matter Capacity 300 Sight Range 16 Robot Scan Range 14 Terrain Scan Density 10 Evasion (%) 55 Recoil Reduction 1 Offensive Hacking 10 Item Schematics ----------------- None Robot Schematics ------------------ None Fabricated ------------ Nothing Alien Tech Used ----------------- None Achievements -------------- None Challenges ------------ None Game ------ Seed PhaseIonicMount Manual? 0 Play Time 00:15:41 Cumulative 190.7 hours Start 2024.10.09 @ 06:05:16 End 2024.10.09 @ 06:15:43 Sessions 1 Manual Loads 0 Difficulty Rogue Special Mode None Game No. 373 Rogue 373 Adventurer 0 Explorer 0 Win Type - Total 0 Types 0/0/0/0/0/0/0/0/0 Lore% 36 Gallery% 63 Achievement% 48 Wizard Run 0 Options --------- Layout 0 ASCII 0 Keyboard 1 Movement Numpad Keybinds 0 Fullscreen 2 Font 18/X11 Map View 76x50 Zoom Use 0% Tactical HUD 1 Map Filters NONE Filters NONE Steam 1 RUN: efde92ab-8e01-450d-8c51-5a781ab8d15f